 Dungeon Crawl Stone Soup version 0.31-a0-174-g85c54bcb58 (webtiles) character file.

Game seed: 18097895573967617372

2555 Anon1729 the Trooper (level 9, -13/79 (80) HPs)
             Began as a Minotaur Monk on June 15, 2023.
             Was a Follower of Uskayaw.
             Shot with an arrow by a centaur warrior (23 damage)
             ... on level 8 of the Dungeon.
             The game lasted 00:08:13 (7413 turns).

Anon1729 the Trooper (Minotaur Monk)                Turns: 7413, Time: 00:08:13

HP:   -13/79 (80)   AC: 10    Str: 16    XL:     9   Next: 31%
MP:   12/12         EV: 10    Int:  7    God:    Uskayaw [*.....]
Gold: 377           SH:  0    Dex: 17    Spells: 8/8 levels left

rFire   . . .        b - +5 short sword
rCold   . . .        d - orb {light}
rNeg    . . .        s - +0 chain mail
rPois   +            (helmet restricted)
rElec   .            (no cloak)
rCorr   .            (no gloves)
SInv    .            (no boots)
Will    .....        i - amulet of the acrobat Stlth
                     o - ring of poison resistance
HPRegen 0.33/turn    (no ring)
MPRegen 0.13/turn

%: acrobat
@: glowing, studying Ranged Weapons, lightly drained
A: horns 2, retaliatory headbutt
a: Renounce Religion, Stomp


You were on level 8 of the Dungeon.
You worshipped Uskayaw.
Uskayaw was noncommittal.
You visited 2 branches of the dungeon, and saw 9 of its levels.

You collected 377 gold pieces.

Inventory:

Hand Weapons
 b - a +5 short sword (weapon)
 B - the +1 whip of Woe {speed, +Blink rF+ Str-4}
   (You found it on level 5 of the Dungeon)

   Str:       It affects your strength (-4).
   rF:        It protects you from fire.
   +Blink:    It lets you blink.
 C - the +7 mace of Pyromania {distort, Will- rCorr Dex+4}
   (You found it on level 4 of the Dungeon)

   Dex:       It affects your dexterity (+4).
   rCorr:     It protects you from acid and corrosion.
   Will:      It decreases your willpower.
 E - a +2 short sword of protection
Missiles
 A - 3 throwing nets
Armour
 d - an orb of light (worn)
 s - a +0 chain mail (worn)
Jewellery
 c - a ring of ice
 g - an amulet of guardian spirit
 i - an amulet of the acrobat (around neck)
 o - a ring of poison resistance (left hand)
 u - an amulet of faith
Wands
 m - a wand of iceblast (5)
 F - a wand of mindburst (7)
Scrolls
 a - a scroll of poison
 e - 2 scrolls of silence
 k - a scroll of amnesia
 p - a scroll of vulnerability
 q - 3 scrolls of blinking
 w - 2 scrolls of enchant armour
Potions
 h - 4 potions of enlightenment
 j - a potion of curing
 t - a potion of mutation {unknown}
 x - a potion of might {unknown}
 y - a potion of haste {unknown}
 z - 2 potions of heal wounds {unknown}
 D - a potion of berserk rage {unknown}
 G - a potion of magic {unknown}


   Skills:
 + Level 7.7 Fighting
 + Level 7.0 Short Blades
 + Level 6.5 Armour
 + Level 7.0 Dodging
 + Level 5.5 Invocations


You had 8 spell levels left.
You didn't know any spells.
Your spell library contained the following spells:

 Spells                   Type           Power      Damage    Failure   Level
 Blink                    Tloc           0%         N/A       100%        2
 Lesser Beckoning         Tloc           0%         N/A       100%        2
 Momentum Strike          Conj/Tloc      0%         3d8       100%        2
 Petrify                  Tmut/Erth      0%         N/A       100%        4
 Metabolic Englaciation   Hex/Ice        0%         N/A       100%        5
 Statue Form              Tmut/Erth      0%         N/A       100%        6


Dungeon Overview and Level Annotations

Branches:
Dungeon (8/15)             Temple (1/1) D:5
   Lair: D:8-11

Altars:
Ashenzari
Elyvilon
Fedhas
Hepliaklqana
Kikubaaqudgha
Makhleb
Nemelex Xobeh
Okawaru
Qazlal
Sif Muna
Trog
Uskayaw
Wu Jian
Xom
The Shining One

Shops:
D:2 *


Innate Abilities, Weirdness & Mutations

You have a pair of horns on your head.
You reflexively headbutt those who attack you in melee.


Message History

You hear the steady creaking of a distant portcullis.
You hear a shout!
Things that are here:
a +0 short sword; a +0 scale mail
Things that are here:
a +0 dagger; a +0 robe The orc wizard casts a spell at you.
You are confused.
You nearly stumble into some deep water!
You nearly stumble into some deep water!
You're too confused to move!
The orc wizard attacks as you move away!
The orc wizard hits you but does no damage.
A centaur warrior comes into view.
The centaur warrior shouts!
You hear a shout!
The centaur warrior wields a +1 heavy shortbow.
The centaur warrior shoots an arrow.
The arrow hits you!!
* * * LOW HITPOINT WARNING * * *
You see here a +0 flail.
You are too confused!
Unknown command.
It was a potion of curing.
You feel better.
The centaur warrior shoots an arrow.
The arrow hits you!
* * * LOW HITPOINT WARNING * * *
The orc wizard hits you but does no damage.
A centaur comes into view.
The orc wizard closely misses you.
As you read the scroll labelled BEIMYCRUCU, it crumbles to dust.
The creatures around you are filled with an inner flame!
It was a scroll of immolation.
The centaur shouts!
The centaur wields a +0 shortbow.
The centaur shoots an arrow.
The arrow hits you!
* * * LOW HITPOINT WARNING * * *
The orc wizard hits you with a staff of cold.
* * * LOW HITPOINT WARNING * * *
The orc wizard freezes you.
* * * LOW HITPOINT WARNING * * *
The centaur warrior shoots an arrow.
The arrow hits you!!
You die...

.....# #~..#########.## ....#
#~...(..##.....## #...#
#~.c....c.......## #...#
#~...............# #...+
#~.....?.........#
######...#######~....<..........#
~~~~~~~≈~)))~~~≈#...............#
.........)).....o)..............#
####.......#...#@.<.............#
###..######...).............##
#..# #####.....##.....## #..#
###.#######.## ######..##### #.##
#....# #.o.........##
#<.####....# .......o.o...##
##...##....# ......))......#
###.##....# .?............#
#.......#


You could see a centaur warrior (inner flame), a centaur (inner flame) and an
orc wizard (inner flame).

Vanquished Creatures
  A troll (D:5)
  A wraith (D:8)
  A steam dragon (D:6)
  A water moccasin (D:8)
  A black bear (D:6)
  An ice beast (D:7)
  2 sky beasts
  An ogre (D:6)
  2 phantoms
  2 kobold brigands (D:6)
  A bullfrog (D:8)
  A scorpion (D:4)
  3 wights (D:7)
  A killer bee (D:8)
  A howler monkey (D:4)
  4 hounds
  An orc priest (D:8)
  2 jellies
  2 sleepcaps
  A gnoll bouda (D:5)
  5 iguanas
  Ijyb (D:3)
  Terence (D:3)
  4 orc wizards
  11 adders
  4 gnolls
  A shadow imp (D:8)
  3 white imps
  6 ufetubi
  2 worms
  2 dart slugs
  9 orcs
  3 endoplasms
  A giant cockroach (D:2)
  3 hobgoblins
  7 jackals (D:3)
  4 quokkas
  5 ball pythons
  3 bats (D:1)
  2 frilled lizards
  8 goblins
  20 kobolds
  6 rats
141 creatures vanquished.

Notes
Turn   | Place    | Note
-------+----------+-------------------------------------------
     0 | D:1      | Anon1729 the Minotaur Monk began the quest for the Orb.
     0 | D:1      | Reached XP level 1. HP: 19/19 MP: 0/0
   533 | D:1      | Reached XP level 2. HP: 17/27 MP: 1/1
  1059 | D:2      | Found Uqejel's General Store.
  1061 | D:2      | Reached skill level 1 in Armour
  1296 | D:2      | Reached skill level 1 in Invocations
  1296 | D:2      | Reached XP level 3. HP: 28/33 MP: 2/2
  1505 | D:2      | Found a shimmering blue altar of Sif Muna.
  2041 | D:3      | Noticed Ijyb
  2058 | D:3      | Killed Ijyb
  2059 | D:3      | Reached XP level 4. HP: 29/40 MP: 2/4
  2164 | D:3      | Noticed Terence
  2173 | D:3      | Killed Terence
  2531 | D:3      | Reached XP level 5. HP: 47/47 MP: 5/5
  3140 | D:4      | Identified the +7 mace of Pyromania {distort, Will- rCorr
                  | Dex+4}
  3427 | D:4      | Reached XP level 6. HP: 55/55 MP: 6/6
  3594 | D:5      | Entered Level 5 of the Dungeon
  3640 | D:5      | Found an ancient bone altar of Kikubaaqudgha.
  3807 | D:5      | Found a staircase to the Ecumenical Temple.
  3833 | Temple   | Entered the Ecumenical Temple
  3951 | Temple   | Became a worshipper of Uskayaw the Reveller
  3951 | Temple   | Reached * piety under Uskayaw
  4044 | D:5      | Reached ** piety under Uskayaw
  4050 | D:5      | Reached skill level 5 in Fighting
  4053 | D:5      | Reached *** piety under Uskayaw
  4094 | D:5      | Noticed a troll
  4403 | D:6      | Noticed a steam dragon
  4407 | D:6      | Killed a steam dragon
  4407 | D:6      | Reached **** piety under Uskayaw
  4408 | D:6      | Reached skill level 5 in Short Blades
  4408 | D:6      | Reached skill level 5 in Dodging
  4408 | D:6      | Reached XP level 7. HP: 23/61 MP: 8/8
  4592 | D:5      | Identified the +1 whip of Woe {speed, +Blink rF+ Str-4}
  4938 | D:5      | Identified the +6 scale mail of the Ethereal Trilobite
                  | {Harm Str+6 Dex-3}
  5096 | D:5      | Killed a troll
  5097 | D:5      | Reached XP level 8. HP: 26/70 MP: 5/10
  5332 | D:6      | Found a burning altar of Makhleb.
  5337 | D:6      | Found a white marble altar of Elyvilon.
  5358 | D:6      | Reached skill level 5 in Armour
  5408 | D:6      | Found a bloodstained altar of Trog.
  5475 | D:6      | Found a blossoming altar of Fedhas.
  5481 | D:6      | Found a hazy altar of Hepliaklqana.
  6147 | D:7      | Reached ***** piety under Uskayaw
  6354 | D:7      | Reached skill level 5 in Invocations
  6466 | D:7      | Found an iron altar of Okawaru.
  6615 | D:7      | Reached XP level 9. HP: 72/79 MP: 11/11
  6691 | D:7      | Found a shimmering altar of Xom.
  6765 | D:7      | Found a sparkling altar of Nemelex Xobeh.
  7409 | D:8      | Noticed a centaur warrior
  7413 | D:8      | Shot with an arrow by a centaur warrior

Illustrated notes

Levels and vault maps discovered:
D:1:      dpeg_arrival_fog, layout_basic, lemuel_flame_loot_1
D:2:      layout_basic, basic_altar, serial_shops, shop, dk_noncrumbling_2
D:3:      layout_rooms, nicolae_hexahallways, grunt_ministairs_10, uniq_terence,
          uniq_ijyb
D:4:      layout_basic
D:5:      minmay_octagon_keep, layout_basic, kiku_gazebo_pond_becter,
          minmay_temple_entry_mini_moons, portal_sewer_entry_e
D:6:      layout_rooms, nicolae_overflow_hallway_of_the_gods, nrook_campfire
D:7:      layout_loops_ring, overflow_temple_1_default,
          mainiacjoe_overflow_swirl
D:8:      cheibrodos_ideogram_h, layout_rooms, enter_bailey_1
Temple:   minmay_temple_forest_path

Skill      XL: |  1  2  3  4  5  6  7  8  9 |
---------------+----------------------------+-----
Armour         | 1 2 4 6 |  6.5
Fighting       | 4 5 6 7 |  7.7
Invocations    | 1 2 3 4 5 |  5.5
Short Blades   | 4 5 6 7 |  7.0
Dodging        | 4 5 6 7 |  7.0

Action                     |  1- 3 |  4- 6 |  7- 9 || total
---------------------------+-------+-------+-------++-------
  Melee: Short sword       |    79 |   143 |   295 ||   517
         Headbutt          |    12 |    37 |    80 ||   129
 Invoke: Line Pass         |       |       |     3 ||     3
  Evoke: Wand              |       |     3 |     4 ||     7
    Use: Scroll            |     1 |     1 |    12 ||    14
         Potion            |       |     1 |     3 ||     4
   Stab: Paralysed         |       |     1 |    13 ||    14
         Confused          |       |       |     1 ||     1
 Armour: Robe              |     9 |     4 |       ||    13
         Chain mail        |       |    55 |   131 ||   186
  Dodge: Dodged            |    56 |    99 |   151 ||   306

Table legend: (Time is in decaauts)
 A = Elapsed time spent in this place.
 B = Non-inter-level travel time spent in this place.
 C = Inter-level travel time spent in this place.
 D = Time resting spent in this place.
 E = Time spent auto-exploring this place.
 F = Levels seen in this place.
 G = Mean time per level.
                   A        B        C        D        E       F      G
               +--------+--------+--------+--------+--------+-----+--------+
         Total |   7290 |   6931 |    359 |    654 |   5292 |   9 |  810.0 |
       Dungeon |   7144 |   6832 |    312 |    654 |   5200 |   8 |  893.0 |
        Temple |    145 |     98 |     47 |      0 |     92 |   1 |  145.0 |
               +--------+--------+--------+--------+--------+-----+--------+

Top non-repeatable levels by time:
     D:5: 1278 daAuts
     D:1: 1035 daAuts
     D:7: 1032 daAuts
     D:4: 958 daAuts
     D:6: 905 daAuts
     D:2: 885 daAuts
     D:3: 768 daAuts
     D:8: 281 daAuts
  Temple: 145 daAuts
